 Dungeon Crawl Stone Soup version 0.29.0-4-gdea44cf6ec (webtiles) character file.

Game seed: 7188256939161138266

217 qw the Chopper (level 5, -3/25 (30) HPs)
             Began as a Tengu Warper on Aug 28, 2022.
             Slain by an orc
             ... wielding a +0 flail
              (5 damage)
             ... on level 3 of the Dungeon.
             The game lasted 00:00:26 (4100 turns).

qw the Chopper (Tengu Warper)                       Turns: 4100, Time: 00:00:27

HP:   -3/25 (30)    AC: 10    Str: 13    XL:     5   Next: 94%
MP:   9/9           EV:  7    Int: 13    God:
Gold: 154           SH:  0    Dex: 14    Spells: 8/8 levels left

rFire   . . .      SeeInvis .   Y - +0 hand axe
rCold   . . .      Faith    .   (no shield)
rNeg    . . .      Spirit   .   d - +0 chain mail
rPois   .          Reflect  .   (helmet restricted)
rElec   .          Harm     .   e - +1 cloak
rCorr   .          Rampage  .   (no gloves)
Will    .....                   (boots unavailable)
Stlth   ..........              (no amulet)
HPRegen 0.08/turn               (no ring)
MPRegen 0.11/turn               (no ring)

@: about to teleport, flying quickly and evasively, heavily drained, quick
A: beak, talons 3, nimble flight
a: no special abilities


You were on level 3 of the Dungeon.
You visited 1 branch of the dungeon, and saw 3 of its levels.

You collected 214 gold pieces.
You spent 60 gold pieces at shops.


Innate Abilities, Weirdness & Mutations

You have a beak for a mouth.
You have claws for feet.
Your magical nature lets you fly swiftly and evasively.


   Skills:
 - Level 2.0 Fighting
 + Level 6.2 Axes
 - Level 1.0 Throwing
 - Level 2.1 Armour
 - Level 2.1 Dodging
 - Level 2.0 Spellcasting
 - Level 2.4 Translocations


You had 8 spell levels left.
You didn't know any spells.
Your spell library contained the following spells:

 Spells                   Type           Power      Damage    Failure   Level
 Blink                    Tloc           14%        N/A       99%         2
 Gell's Gravitas          Tloc           7%         N/A       100%        3
 Lesser Beckoning         Tloc           7%         N/A       100%        3
 Teleport Other           Tloc           7%         N/A       100%        3
 Manifold Assault         Tloc           7%         N/A       100%        5

Inventory:

Hand Weapons
 g - a +2 vampiric whip
 Y - a +0 hand axe (weapon)
Armour
 d - a +0 chain mail (worn)
 e - a +1 cloak (worn)
Scrolls
 a - 3 scrolls of identify
 i - a scroll of enchant weapon {unknown}
Potions
 c - a potion of invisibility {unknown}
 h - a potion of haste {unknown}
 j - 2 potions of heal wounds {unknown}
 k - a potion of mutation {unknown}

Dungeon Overview and Level Annotations

Branches:
Dungeon (3/15)

Altars:

Shops:
D:2 :?*![

Annotations:
D:2 1 runed translucent door, Crazy Yiuf


Message History

The orc hits you but does no damage.
You feel drained. The orc hits you with a +0 club. Something hits you.
You hit the orc.
You kill the orc!
You miss something. You hit the orc but do no damage.
Something hits you but does no damage. The orc barely misses you.
You hit the orc. You claw the orc.
You kill the orc!
You hit something but do no damage. You barely miss the orc.
The orc hits you with a +0 flail. Something hits you but does no damage.
You hit the orc. You peck the orc.
The orc is heavily wounded.
You hit something. You hit the orc but do no damage.
The orc closely misses you. Something hits you but does no damage.
The orc barely misses you.
You barely miss the orc. Your kick misses the orc.
The orc is heavily wounded.
You closely miss something. You hit the orc but do no damage.
The orc closely misses you. Something hits you but does no damage.
You hit the orc but do no damage. You claw the orc.
You kill the orc!
You hit the orc. You hit something. You hit the orc.
Something hits you but does no damage.
The orc hits you with a +2 mace of protection.
You closely miss the orc.
The orc is heavily wounded.
You closely miss the orc. You barely miss the orc. You barely miss something.
Something hits you. The orc closely misses you. x2
You hit the orc but do no damage. Your peck misses the orc.
You punch the orc, but do no damage.
The orc is heavily wounded.
You hit the orc but do no damage. You hit something but do no damage.
You hit the orc but do no damage. Something hits you.
The orc hits you but does no damage.
The orc hits you with a +2 mace of protection.
4100 ||| READING scroll of teleportation.
As you read the scroll of teleportation, it crumbles to dust.
You feel strangely unstable. Something hits you.
The orc hits you with a +0 flail.
You die...

........#.#...#
.....##.#.#...#
.....##.#.#...#
.....##.#.#...#
.....##.#.#...#
.##...#...##'######.#
.##.#.#.#.##........# #
.##.#...#....########.###
###.###.#...<..o@{.......
..........#..##ooo..#.##
###...#.#.......o........
###.#.#.##.##.###.#.###
#...#.#.....#.# ...#
#.###.####..#.# #.# #.#
#.# ####.# .# ###.###.#
#.# . .....##.# #.# #


You could see 5 orcs.

Vanquished Creatures
  Jessica (D:2)
  Natasha (thrice) (D:2)
  Terence (D:2)
  An adder (D:2)
  3 worms
  A dart slug (D:1)
  6 orcs (D:3)
  5 endoplasms
  3 giant cockroaches
  A goblin (D:1)
  3 hobgoblins
  12 jackals
  5 kobolds
  5 ball pythons
  9 bats
  5 frilled lizards
  6 rats
70 creatures vanquished.

Notes
Turn   | Place    | Note
-------+----------+-------------------------------------------
     0 | D:1      | qw the Tengu Warper began the quest for the Orb.
     0 | D:1      | Reached XP level 1. HP: 12/12 MP: 4/4
     0 | D:1      | 0 ||| qw: Version: 0.1-a-89-g26bdef1
     0 | D:1      | 0 ||| qw: Game counter: 2355
     0 | D:1      | 0 ||| qw: Always use a shield: true
     0 | D:1      | 0 ||| qw: God list: Okawaru
     0 | D:1      | 0 ||| qw: Allow faded altars: false
     0 | D:1      | 0 ||| qw: Do Orc after D:15 true
     0 | D:1      | 0 ||| qw: Do second Lair branch before Depths: true
     0 | D:1      | 0 ||| qw: Lair rune preference: random
     0 | D:1      | 0 ||| qw: Plans: Normal
     0 | D:1      | 0 ||| PLANNING D:1-11
     5 | D:1      | 5 ||| Stepping ~*~*~tactically~*~*~ (stealth).
     7 | D:1      | 7 ||| Stepping ~*~*~tactically~*~*~ (stealth).
    64 | D:1      | Reached skill level 3 in Axes
    64 | D:1      | Reached XP level 2. HP: 13/17 MP: 6/6
   183 | D:1      | 183 ||| Stepping ~*~*~tactically~*~*~ (hiding).
  1014 | D:1      | Reached XP level 3. HP: 18/21 MP: 7/7
  1048 | D:1      | 1048 ||| UPGRADING to +1 cloak.
  1053 | D:1      | 1053 ||| DROPPING orb of energy.
  1054 | D:1      | 1054 ||| READING 3 scrolls labelled CAMEITWYBA.
  1055 | D:1      | 1055 ||| READING scroll labelled GORUSA KAENIC.
  1173 | D:1      | 1173 ||| READING scroll labelled MICZES SUEBB.
  1174 | D:1      | 1174 ||| DRINKING 2 metallic green potions.
  1175 | D:1      | 1175 ||| DROPPING scroll of blinking.
  1176 | D:1      | 1176 ||| DROPPING potion of brilliance.
  1218 | D:2      | Noticed Terence
  1230 | D:2      | HP: 4/21 [Terence/+0 flail (6)]
  1238 | D:2      | HP: 3/21 [Terence/+0 flail (1)]
  1240 | D:2      | Killed Terence
  1241 | D:2      | Reached skill level 4 in Axes
  1493 | D:2      | 1493 ||| DROPPING +0 club.
  1512 | D:2      | 1512 ||| Stepping ~*~*~tactically~*~*~ (stealth).
  1618 | D:2      | Found Axaoxatt's General Store.
  1626 | D:2      | 1626 ||| SHOPLISTING potion of haste (120 gold, have 70).
  1626 | D:2      | 1626 ||| BUYING scroll of teleportation (36 gold).
  1626 | D:2      | Bought a scroll of teleportation for 36 gold pieces
  1650 | D:2      | Reached XP level 4. HP: 11/26 MP: 8/8
  1661 | D:2      | 1661 ||| FLEEEEING.
  1668 | D:2      | 1668 ||| STAIRDANCE
  1825 | D:1      | 1825 ||| UPGRADING to +0 chain mail.
  1835 | D:1      | 1835 ||| DROPPING +0 leather armour.
  1836 | D:1      | 1836 ||| DROPPING +0 scale mail.
  1872 | D:2      | Noticed Jessica
  1882 | D:2      | 1882 ||| Stepping ~*~*~tactically~*~*~ (hiding).
  1883 | D:2      | 1883 ||| Stepping ~*~*~tactically~*~*~ (hiding).
  1898 | D:2      | Killed Jessica
  1899 | D:2      | Reached skill level 5 in Axes
  1980 | D:2      | 1980 ||| Stepping ~*~*~tactically~*~*~ (stealth).
  2043 | D:2      | Noticed Natasha
  2052 | D:2      | HP: 5/26 [Natasha (8)]
  2053 | D:2      | 2053 ||| READING 2 scrolls of teleportation.
  2055 | D:2      | Killed Natasha
  2056 | D:2      | Gained mutation: Your magical nature lets you fly swiftly
                  | and evasively. [Tengu growth]
  2056 | D:2      | Reached XP level 5. HP: 5/30 MP: 9/9
  2060 | D:2      | 2060 ||| READING scroll of teleportation.
  2100 | D:2      | Noticed Natasha
  2101 | D:2      | 2101 ||| FLEEEEING.
  2102 | D:2      | 2102 ||| FLEEEEING.
  2104 | D:2      | 2104 ||| FLEEEEING.
  2105 | D:2      | 2105 ||| FLEEEEING.
  2106 | D:2      | 2106 ||| FLEEEEING.
  2107 | D:2      | 2107 ||| FLEEEEING.
  2108 | D:2      | 2108 ||| FLEEEEING.
  2109 | D:2      | 2109 ||| FLEEEEING.
  2110 | D:2      | 2110 ||| FLEEEEING.
  2111 | D:2      | 2111 ||| FLEEEEING.
  2112 | D:2      | 2112 ||| FLEEEEING.
  2113 | D:2      | 2113 ||| FLEEEEING.
  2114 | D:2      | 2114 ||| FLEEEEING.
  2115 | D:2      | 2115 ||| FLEEEEING.
  2116 | D:2      | 2116 ||| FLEEEEING.
  2117 | D:2      | 2117 ||| STAIRDANCE
  2303 | D:1      | 2303 ||| READING 3 scrolls of identify.
  2303 | D:1      | 2303 ||| IDENTIFYING glowing ruby potion
  2314 | D:2      | HP: 6/30 [Natasha (5)]
  2320 | D:2      | Killed Natasha
  2470 | D:2      | Noticed Natasha
  2471 | D:2      | 2471 ||| FLEEEEING.
  2474 | D:2      | 2474 ||| STAIRDANCE
  2574 | D:2      | Found Enyussyl's Magic Scroll Boutique.
  2586 | D:2      | 2586 ||| BUYING scroll of identify (24 gold).
  2586 | D:2      | Bought a scroll of identify for 24 gold pieces
  2586 | D:2      | 2586 ||| SHOPLISTING scroll of identify (24 gold, have 21).
  2586 | D:2      | 2586 ||| SHOPLISTING scroll of teleportation (36 gold, have
                  | 21).
  2604 | D:2      | 2604 ||| DROPPING +0 flail.
  2637 | D:2      | 2637 ||| Stepping ~*~*~tactically~*~*~ (stealth).
  2677 | D:2      | Found a runed translucent door.
  2678 | D:2      | Noticed Crazy Yiuf
  2764 | D:2      | Killed Natasha
  3003 | D:2      | Found Zyshon's Antique Armour Boutique.
  3012 | D:2      | 3012 ||| SHOPLISTING ichor-stained scale mail (225 gold,
                  | have 21).
  3012 | D:2      | 3012 ||| SHOPLISTING pair of embroidered gloves (187 gold,
                  | have 21).
  3012 | D:2      | 3012 ||| SHOPLISTING shiny orb (300 gold, have 21).
  3021 | D:2      | Found Biqotozoe's Distillery.
  3032 | D:2      | 3032 ||| SHOPLISTING potion of curing (30 gold, have 26).
  3032 | D:2      | 3032 ||| SHOPLISTING potion of haste (100 gold, have 26).
  3032 | D:2      | 3032 ||| SHOPLISTING potion of heal wounds (50 gold, have
                  | 26).
  3079 | D:2      | Reached skill level 6 in Axes
  3156 | D:2      | Found Derr's Book Shop.
  3191 | D:2      | 3191 ||| READING scroll labelled REINUE YRESASY.
  3192 | D:2      | 3192 ||| READING scroll labelled KAOMNU JAUV.
  3193 | D:2      | 3193 ||| DRINKING 2 fizzy emerald potions.
  3194 | D:2      | 3194 ||| READING 4 scrolls of identify.
  3194 | D:2      | 3194 ||| IDENTIFYING viscous white potion
  3195 | D:2      | 3195 ||| READING 3 scrolls of identify.
  3195 | D:2      | 3195 ||| IDENTIFYING black potion
  3196 | D:2      | 3196 ||| DROPPING potion of flight.
  3197 | D:2      | 3197 ||| DROPPING potion of degeneration.
  3198 | D:2      | 3198 ||| DROPPING potion of ambrosia.
  3308 | D:3      | Found the +7 staff of the Meek {protect, meekguard}
  3345 | D:3      | Found a faded altar of an unknown god.
  3355 | D:3      | 3355 ||| Stepping ~*~*~tactically~*~*~ (stealth).
  3358 | D:3      | 3358 ||| Stepping ~*~*~tactically~*~*~ (stealth).
  3359 | D:3      | 3359 ||| Stepping ~*~*~tactically~*~*~ (stealth).
  3360 | D:3      | 3360 ||| Stepping ~*~*~tactically~*~*~ (stealth).
  3362 | D:3      | 3362 ||| Stepping ~*~*~tactically~*~*~ (stealth).
  4090 | D:3      | 4090 ||| DRINKING potion of curing.
  4090 | D:3      | 4090 ||| (to cure confusion)
  4091 | D:3      | 4091 ||| Stepping ~*~*~tactically~*~*~ (stealth).
  4099 | D:3      | HP: 3/25 [orc/+2 mace of protection (4)]
  4100 | D:3      | 4100 ||| READING scroll of teleportation.
  4100 | D:3      | Slain by an orc

Levels and vault maps discovered:
D:1:      dpeg_arrival_rooms_b, layout_basic, minivault_14,
          minmay_strange_pillars, glass_columns_c, hex_intersection
D:2:      layout_rooms, serial_shops, nicolae_shop_crystal,
          nicolae_shop_temple_entry_statues_fountains,
          nicolae_shop_competitors_out_of_business, nicolae_shop_waterfront,
          nicolae_shop_stone, uniq_crazy_yiuf_cottage, uniq_jessica,
          uniq_terence, uniq_natasha
D:3:      layout_basic, shapermc_ecumenical_altar_starsandcircs,
          chequers_serial_rivers_room_a, st_stairs_4,
          wander_ebering_terrifying_dragon_lair

Skill      XL: |  1  2  3  4  5 |
---------------+----------------+-----
Axes           | 3 4 5 6 |  6.2
Armour         | 2 |  2.1
Fighting       | |  2.0
Throwing       | |  1.0
Dodging        | |  2.1
Spellcasting   | |  2.0
Translocations | |  2.4

Action                   |  1- 3 |  4- 6 || total
-------------------------+-------+-------++-------
Melee: Hand axe          |    84 |   137 ||   221
       Kick              |    17 |    42 ||    59
       Peck              |    12 |    23 ||    35
       Punch             |     2 |     2 ||     4
Throw: Boomerang         |     7 |       ||     7
  Use: Scroll            |     3 |     8 ||    11
       Potion            |     1 |     2 ||     3
Armor: Leather armour    |    41 |     2 ||    43
       Chain mail        |       |    74 ||    74
Dodge: Dodged            |    84 |    56 ||   140

Table legend:
 A = Non-vault XP
 B = Vault XP
 C = Vault XP percentage of total XP
 D = Non-vault monster count
 E = Vault monster count
 F = Vault count percentage of total count
                 A         B        C        D         E       F
            +---------+---------+-------+---------+---------+-------
      Total |     206 |     105 |  33.8 |      66 |       4 |   5.7
            +---------+---------+-------+---------+---------+-------
        D:1 |      34 |       0 |   0.0 |      20 |       0 |   0.0
        D:2 |     133 |     104 |  43.9 |      29 |       3 |   9.4
        D:3 |      39 |       1 |   2.5 |      17 |       1 |   5.6
            +---------+---------+-------+---------+---------+-------
